 Dungeon Crawl Stone Soup version 0.31.0-32-g396128a36d (webtiles) character file.

Game seed: 15096112971239773158

15 tizbic2 the Apothecary (level 2, -3/26 HPs)
             Began as a Naga Wanderer on Mar 19, 2024.
             Slain by Terence
             ... wielding a +0 flail
              (11 damage)
             ... on level 2 of the Dungeon.
             The game lasted 00:04:55 (702 turns).

tizbic2 the Apothecary (Naga Wanderer)               Turns: 702, Time: 00:04:56

Health: -3/26      AC:  1    Str: 15    XL:     2   Next: 50%
Magic:  4/4        EV:  9    Int: 15    God:
Gold:   28         SH:  0    Dex:  6    Spells: 3/3 levels left

rFire   . . .        f - +0 hand axe
rCold   . . .        (no shield)
rNeg    . . .        d - +0 robe
rPois   +            (no helmet)
rElec   .            (no cloak)
rCorr   .            (no gloves)
SInv    +            (no barding)
Will    .....        (no amulet)
Stlth   +            (no ring)
HPRegen 0.24/turn    (no ring)
MPRegen 0.09/turn

%: no passive effects
@: short of breath, very slow
A: AC +0, large, see invisible, deformed body, poison resistance, slowness 2,
spit poison 1, naga tail 1
a: Spit Poison


You were on level 2 of the Dungeon.
You visited 1 branch of the dungeon, and saw 2 of its levels.

You collected 28 gold pieces.

Inventory:

Hand Weapons
 a - a +0 dagger
 f - a +0 hand axe (weapon)
Missiles
 b - 10 boomerangs (quivered)
Armour
 d - a +0 robe (worn)
 j - a +0 scale mail
Scrolls
 c - 2 scrolls of teleportation
 h - a scroll of identify {unknown}
 i - a scroll of fear {unknown}
Potions
 e - a potion of haste {unknown}
 g - a potion of curing {unknown}


   Skills:
 + Level 2.1 Fighting
 * Level 2.1 Throwing
 - Level 1.5 Stealth
 * Level 1.4 Spellcasting
 + Level 1.3 Necromancy
 + Level 3.7 Alchemy


You had 3 spell levels left.
You didn't know any spells.
Your spell library contained the following spells:

 Spells                   Type           Power      Damage    Failure   Level
 Sting                    Conj/Alch      24%        1d4       11%         1
 Mercury Vapours          Alch/Air       12%        N/A       17%         2
 Kiss of Death            Conj/Necr      12%        2d6       19%         1
 Mephitic Cloud           Conj/Alch/Air  4%         N/A       38%         3
 Vampiric Draining        Necr           5%         2d6       38%         3
 Ozocubu's Armour         Ice            1%         N/A       56%         3
 Metabolic Englaciation   Hex/Ice        0%         N/A       100%        5
 Sculpt Simulacrum        Ice/Alch       3%         N/A       100%        6


Dungeon Overview and Level Annotations

Branches:
Dungeon (2/15)

Altars:
Zin

Shops:
D:1 [

Annotations:
D:2 Terence


Innate Abilities, Weirdness & Mutations

Your serpentine skin is tough. (AC +0)
You have supernaturally acute eyesight. (SInv)
Armour fits poorly on your strangely shaped body.
Your system is resistant to poisons. (rPois)
You cover ground very slowly.
You can spit poison.
You have a snake-like lower body.


Message History

Throw: 10 boomerangs
Press: ? - help, Q - select action, (/) - cycle Shift-Dir - straight line, f - Terence
Aim: Terence, wielding a +0 flail and wearing a +0 scale mail (54% to hit)
You throw a boomerang. The boomerang closely misses Terence.
Throw: 10 boomerangs
Press: ? - help, Q - select action, (/) - cycle Shift-Dir - straight line, f/p - Terence
Aim: Terence, wielding a +0 flail and wearing a +0 scale mail (54% to hit)
You throw a boomerang.
The boomerang hits Terence but does no damage.
Terence says, "Rest in peace."
Throw: 10 boomerangs
Press: ? - help, Q - select action, (/) - cycle Shift-Dir - straight line, f/p - Terence
Aim: Terence, wielding a +0 flail and wearing a +0 scale mail (54% to hit)
You throw a boomerang. The boomerang hits Terence!
Terence is moderately wounded.
Throw: 10 boomerangs
Press: ? - help, Q - select action, (/) - cycle Shift-Dir - straight line, f/p - Terence
Aim: Terence, wielding a +0 flail and wearing a +0 scale mail (moderately wounded, 54% to hit)
You throw a boomerang. The boomerang closely misses Terence.
Throw: 10 boomerangs
Press: ? - help, Q - select action, (/) - cycle Shift-Dir - straight line, f/p - Terence
Aim: Terence, wielding a +0 flail and wearing a +0 scale mail (moderately wounded, 54% to hit)
You throw a boomerang. The boomerang closely misses Terence.
You hit Terence.
Terence is heavily wounded.
Terence hits you with a +0 flail.
You hit Terence but do no damage.
Terence is heavily wounded.
Terence hits you with a +0 flail.
Aiming: Spit Poison (2% risk of failure)
Press: ? - help, Shift-Dir - straight line, f/p - Terence
Aim: Terence, wielding a +0 flail and wearing a +0 scale mail (heavily wounded, 65% to hit)
The splash of poison hits Terence.
Terence is poisoned.
Terence is severely wounded.
Terence closely misses you.
You closely miss Terence.
Terence is almost dead.
Terence hits you with a +0 flail! x2
You die...
Terence says, "Time to find some more victims."

.#####.# .......# .#
#####..# .# #..# .# #..##
.# #...# .####### #.#.#
##.#.....# #.#...
##@.#.....##
#.###.#####.@##.._...#
####'###..>.............#
#......###########......#
##......##...# #.####.#
.'......##.#.# #......#
.#......##.#.# #.######
.#......##.#.# #.#
##......##.#.######.#
#......##.#........#


You could see Terence (poisoned).

Vanquished Creatures
  A ball python (D:2)
  2 endoplasms (D:1)
  2 hobgoblins (D:1)
  2 quokkas (D:1)
  2 bats (D:1)
  3 kobolds
  A rat (D:1)
13 creatures vanquished.

Notes
Turn   | Place    | Note
-------+----------+-------------------------------------------
     0 | D:1      | tizbic2 the Naga Wanderer began the quest for the Orb.
     0 | D:1      | tizbic2 set off with the following items: a +0 dagger, 10
                  | boomerangs, a scroll of teleportation, a +0 robe; and the
                  | following spells available to memorise: Sting, Mercury
                  | Vapours, Kiss of Death, Mephitic Cloud, Vampiric Draining.
     0 | D:1      | Reached XP level 1. HP: 19/19 MP: 2/2
   236 | D:1      | Found a faded altar of an unknown god.
   242 | D:1      | Reached XP level 2. HP: 26/26 MP: 4/4
   300 | D:1      | Found Dyulen's Armour Emporium.
   682 | D:2      | Found a glowing silver altar of Zin.
   693 | D:2      | Noticed Terence
   702 | D:2      | Slain by Terence

Illustrated notes

Levels and vault maps discovered:
D:1:      dpeg_arrival_three_same_balls, layout_basic,
          ebering_ecumenical_altar_webs, serial_shops, shop, minivault_11
D:2:      layout_basic, basic_altar, uniq_terence

Skill      XL: |  1  2 |
---------------+-------+-----
Throwing       | 2 |  2.1
Fighting       | |  2.1
Stealth        | |  1.5
Spellcasting   | |  1.4
Necromancy     | |  1.3
Alchemy        | |  3.7

Action                     || total
---------------------------++-------
  Melee: Hand axe          ||    24
  Throw: Boomerang         ||    15
Ability: Spit Poison       ||     2
   Stab: Sleeping          ||     1
 Armour: Robe              ||    24
  Dodge: Dodged            ||    14
